 Dungeon Crawl Stone Soup version 0.31.0-11-ge490571c62 (webtiles) character file.

Game seed: 1950988186624727760

2395 qw the Skirmisher (level 9, 0/45 HPs)
             Began as a Spriggan Hunter on Feb 5, 2024.
             Engulfed by a steam dragon's steam (2 damage)
             ... on level 7 of the Dungeon.
             The game lasted 00:00:28 (6185 turns).

qw the Skirmisher (Spriggan Hunter)                 Turns: 6185, Time: 00:00:29

Health: 0/45       AC:  2    Str:  7    XL:     9   Next: 22%
Magic:  0/10       EV: 29    Int: 11    God:
Gold:   385        SH:  0    Dex: 23    Spells: 8/8 levels left

rFire   . . .        a - +3 shortbow
rCold   . . .        (shield currently unavailable)
rNeg    . . .        c - +0 robe
rPois   .            (helmet restricted)
rElec   .            (no cloak)
rCorr   .            (gloves unavailable)
SInv    +            (boots unavailable)
Will    +....        g - amulet of guardian spirit
Stlth   ++           j - +3 ring of evasion
HPRegen 0.27/turn    i - +1 ring of dexterity
MPRegen 0.12/turn

%: guardian spirit
@: very quick
A: very small, no large weapons, unfitting armour, see invisible, speed 3
a: no special abilities


You were on level 7 of the Dungeon.
You visited 2 branches of the dungeon, and saw 9 of its levels.

You collected 553 gold pieces.
You spent 168 gold pieces at shops.


Innate Abilities, Weirdness & Mutations

You are very small and have problems with some larger weapons.
You are too small for most types of armour.
You have supernaturally acute eyesight. (SInv)
You cover ground extremely quickly. (Speed+++)


   Skills:
 + Level 3.7 Fighting
 - Level 10.0 Ranged Weapons
 - Level 10.0 Dodging
 - Level 1.5 Stealth


You had 8 spell levels left.
You didn't know any spells.
Your spell library was empty.

Inventory:

Hand Weapons
 a - a +3 shortbow (weapon)
Armour
 c - a +0 robe (worn)
Jewellery
 g - an amulet of guardian spirit (around neck)
 i - a +1 ring of dexterity (right hand)
 j - a +3 ring of evasion (left hand)
 k - an amulet of reflection
Wands
 d - a wand of polymorph (13)
 h - a wand of paralysis (9)
 l - a wand of quicksilver (5)
Scrolls
 b - a scroll of identify
Potions
 e - a potion of mutation
 f - 6 potions of curing
 m - a potion of might

Dungeon Overview and Level Annotations

Branches:
Dungeon (8/15)             Temple (1/1) D:6
   Lair: D:8-11

Altars:
Ashenzari
Cheibriados
Elyvilon
Gozag
Hepliaklqana
Kikubaaqudgha
Makhleb
Nemelex Xobeh
Qazlal
Ru
Sif Muna
Uskayaw
Wu Jian
Xom
Yredelemnul
Zin

Shops:
D:4 =


Message History

The kobold throws a stone.
The stone misses you.
You shoot an arrow. The arrow hits the kobold brigand.
The kobold brigand is lightly wounded.
A steam dragon comes into view.
The kobold throws a stone.
The stone misses you.
You shoot an arrow. The steam dragon hisses angrily.
The arrow hits the kobold brigand!
The kobold brigand is heavily wounded.
The kobold brigand completely misses you.
The steam dragon breathes steam at you.
The ball of steam hits the kobold!
The kobold dies!
You hear a splash.
The ball of steam hits the kobold!!
The kobold dies!
The ball of steam hits you!
You shoot an arrow. The arrow hits the kobold brigand.
The kobold brigand is heavily wounded.
You are engulfed in a cloud of scalding steam.
The kobold brigand completely misses you.
You shoot an arrow.
The arrow completely misses the kobold brigand.
You are engulfed in a cloud of scalding steam.
The kobold brigand hits you with a +0 long sword!
You shoot an arrow. The arrow hits the kobold brigand.
The kobold brigand is almost dead.
You are engulfed in a cloud of scalding steam.
The kobold brigand closely misses you.
You shoot an arrow.
The arrow closely misses the kobold brigand.
The kobold brigand completely misses you.
You shoot an arrow. The arrow hits the kobold brigand!
You kill the kobold brigand!
The steam dragon breathes steam at you. The ball of steam misses you.
You shoot an arrow. The arrow hits the kobold!
You kill the kobold!
You are engulfed in a cloud of scalding steam.
You die...

.............[...##
.~~~#..............## #
.~~.......##....)..###
#? ~~..####.#####.##....
..¤ D.. ##.# ##..##..#.
~ ~¤#¤. #..# #..###.###
~~~#¤¤. #.## #.## #.#
.....$¤###.####.####.#
......¤@¤...##.......#
#####.#¤.##....#########
#...¤......####[....
#......##..#....####
#.........(..####...
..........#.(###...##
###......####.....###
#............####
#.......####..#


There were no monsters in sight!

Vanquished Creatures
  A steam dragon (D:7)
  3 water moccasins
  2 ice beasts (D:6)
  3 sky beasts (D:7)
  2 ogres
  A centaur (D:8)
  A phantom (D:4)
  A kobold brigand (D:7)
  A bullfrog (D:7)
  4 scorpions
  An electric eel (D:6)
  A bombardier beetle (D:5)
  A jelly (D:6)
  3 hounds
  A gnoll bouda (D:6)
  A sleepcap (D:5)
  Ijyb (D:5)
  5 iguanas
  3 orc wizards
  2 hound zombies (D:3)
  8 gnolls
  6 adders
  A shadow imp (D:7)
  2 white imps
  2 ufetubi (D:6)
  An adder skeleton (D:3)
  5 dart slugs
  2 ribbon worms
  20 orcs
  7 ball pythons
  3 bats
  11 endoplasms
  4 giant cockroaches
  4 goblins
  9 hobgoblins
  3 jackals (D:1)
  8 kobolds
  5 quokkas
  2 ball python skeletons (D:3)
  A ball python zombie (D:3)
  A frilled lizard (D:3)
  A giant cockroach zombie (D:3)
  2 quokka skeletons (D:3)
  6 rats (D:1)
152 creatures vanquished.

Vanquished Creatures (others)
  2 kobolds (D:7)
2 creatures vanquished.

Grand Total: 154 creatures vanquished

Notes
Turn   | Place    | Note
-------+----------+-------------------------------------------
     0 | D:1      | qw the Spriggan Hunter began the quest for the Orb.
     0 | D:1      | Reached XP level 1. HP: 10/10 MP: 2/2
     0 | D:1      | 0 ||| qw: Version: 0.3-a-160-g6735b56
     0 | D:1      | 0 ||| qw: Game counter: 6202
     0 | D:1      | 0 ||| qw: Melee chars always use a shield: true
     0 | D:1      | 0 ||| qw: God list: Okawaru
     0 | D:1      | 0 ||| qw: Allow faded altars: false
     0 | D:1      | 0 ||| qw: Do Orc after clearing Dungeon:15 true
     0 | D:1      | 0 ||| qw: Do second Lair branch before Depths: true
     0 | D:1      | 0 ||| qw: Lair rune preference: random
     0 | D:1      | 0 ||| qw: Goals: Normal
     0 | D:1      | 0 ||| PLANNING D:1-11
   176 | D:1      | Reached skill level 3 in Dodging
   272 | D:1      | Reached XP level 2. HP: 14/14 MP: 3/3
   568 | D:1      | 568 ||| RETREEEEATING.
   570 | D:1      | 570 ||| RETREEEEATING.
   583 | D:1      | Reached XP level 3. HP: 9/18 MP: 4/4
   677 | D:1      | 677 ||| READING scroll labelled PELURGH WUSCHIDA.
   677 | D:1      | 677 ||| IDENTIFYING inky potion
   678 | D:1      | 678 ||| READING scroll labelled SIS TATADOCAGIX.
   712 | D:1      | 712 ||| READING scroll labelled MEK DEXEAWK.
   712 | D:1      | 712 ||| ENCHANTING +0 shortbow.
   713 | D:1      | 713 ||| DRINKING 3 cyan potions.
   714 | D:1      | 714 ||| DROPPING scroll of butterflies.
   715 | D:1      | 715 ||| DROPPING potion of attraction.
  1514 | D:2      | Reached XP level 4. HP: 22/22 MP: 5/5
  1567 | D:2      | 1567 ||| UPGRADING to amulet of guardian spirit.
  1572 | D:2      | 1572 ||| READING scroll of identify.
  1572 | D:2      | 1572 ||| IDENTIFYING glowing cyan potion
  1573 | D:2      | 1573 ||| READING scroll labelled YNOJEE XIUQ.
  1574 | D:2      | 1574 ||| DRINKING 2 bubbling orange potions.
  1661 | D:3      | Found an opulent altar of Gozag.
  1689 | D:3      | HP: 1/22 [iguana (7)]
  1690 | D:3      | 1690 ||| DRINKING potion of heal wounds.
  1808 | D:3      | Found a basalt altar of Yredelemnul.
  1849 | D:3      | 1849 ||| FLEEEEING.
  1852 | D:3      | 1852 ||| FLEEEEING.
  1853 | D:3      | 1853 ||| FLEEEEING.
  1854 | D:3      | 1854 ||| FLEEEEING.
  1856 | D:3      | 1856 ||| FLEEEEING.
  1857 | D:3      | 1857 ||| FLEEEEING.
  1858 | D:3      | 1858 ||| FLEEEEING.
  1859 | D:3      | 1859 ||| FLEEEEING.
  1869 | D:3      | Reached XP level 5. HP: 9/26 MP: 4/6
  2033 | D:3      | 2033 ||| READING scroll of enchant weapon.
  2033 | D:3      | 2033 ||| ENCHANTING +1 shortbow.
  2356 | D:3      | 2356 ||| UPGRADING to ring of positive energy.
  2357 | D:3      | 2357 ||| READING scroll of identify.
  2357 | D:3      | 2357 ||| IDENTIFYING lumpy amethyst potion
  2358 | D:3      | 2358 ||| DROPPING potion of invisibility.
  2461 | D:4      | Noticed an ogre
  2462 | D:4      | 2462 ||| DRINKING potion of haste.
  2467 | D:4      | Killed an ogre
  2468 | D:4      | Reached skill level 6 in Ranged Weapons
  2555 | D:4      | Reached skill level 6 in Dodging
  2555 | D:4      | Reached XP level 6. HP: 28/30 MP: 5/7
  2672 | D:4      | Found Canovva's One-of-a-Kind Rings.
  2677 | D:4      | 2677 ||| BUYING +1 ring of dexterity (28 gold).
  2677 | D:4      | Bought a +1 ring of dexterity for 28 gold pieces
  2677 | D:4      | 2677 ||| BUYING +3 ring of evasion (140 gold).
  2677 | D:4      | Bought a +3 ring of evasion for 140 gold pieces
  2677 | D:4      | 2677 ||| SHOPLISTING +5 ring of protection (770 gold, have
                  | 132).
  2677 | D:4      | 2677 ||| SHOPLISTING ring "Koul Yde" {AC+4 Int+3} (690
                  | gold, have 132).
  2677 | D:4      | 2677 ||| SHOPLISTING ring of the Wizarding Gods {rElec
                  | Will++ Str-3 Int+9 SInv} (1437 gold, have 132).
  3297 | D:4      | 3297 ||| UPGRADING to +1 ring of dexterity.
  3298 | D:4      | 3298 ||| UPGRADING to +3 ring of evasion.
  3300 | D:4      | 3300 ||| DROPPING ring of positive energy.
  3301 | D:4      | 3301 ||| READING scroll of identify.
  3301 | D:4      | 3301 ||| IDENTIFYING murky orange potion
  3335 | D:5      | Entered Level 5 of the Dungeon
  3476 | D:5      | Reached XP level 7. HP: 35/35 MP: 8/8
  3666 | D:5      | Noticed Ijyb
  3682 | D:5      | Killed Ijyb
  4085 | D:5      | 4085 ||| READING scroll of enchant weapon.
  4085 | D:5      | 4085 ||| ENCHANTING +2 shortbow.
  4160 | D:5      | 4160 ||| READING scroll of identify.
  4160 | D:5      | 4160 ||| IDENTIFYING fizzy puce potion
  4161 | D:5      | 4161 ||| READING scroll labelled TUCRELL UCUPT.
  4162 | D:5      | 4162 ||| READING scroll labelled MAHAXOREXU.
  4163 | D:5      | 4163 ||| READING scroll labelled KARRAO BOICO.
  4166 | D:5      | 4166 ||| DROPPING potion of lignification.
  4353 | D:6      | 4353 ||| FLEEEEING.
  4354 | D:6      | 4354 ||| FLEEEEING.
  4355 | D:6      | 4355 ||| FLEEEEING.
  4482 | D:6      | 4482 ||| FLEEEEING.
  4483 | D:6      | 4483 ||| FLEEEEING.
  4484 | D:6      | 4484 ||| FLEEEEING.
  4485 | D:6      | 4485 ||| FLEEEEING.
  4486 | D:6      | 4486 ||| FLEEEEING.
  4487 | D:6      | 4487 ||| FLEEEEING.
  4488 | D:6      | 4488 ||| FLEEEEING.
  4490 | D:6      | 4490 ||| FLEEEEING.
  4491 | D:6      | 4491 ||| FLEEEEING.
  4492 | D:6      | 4492 ||| FLEEEEING.
  4494 | D:6      | 4494 ||| FLEEEEING.
  4495 | D:6      | 4495 ||| FLEEEEING.
  4496 | D:6      | 4496 ||| FLEEEEING.
  4498 | D:6      | 4498 ||| FLEEEEING.
  4499 | D:6      | 4499 ||| FLEEEEING.
  4500 | D:6      | 4500 ||| FLEEEEING.
  4502 | D:6      | 4502 ||| FLEEEEING.
  4503 | D:6      | 4503 ||| FLEEEEING.
  4526 | D:6      | 4526 ||| FLEEEEING.
  4527 | D:6      | 4527 ||| FLEEEEING.
  4597 | D:6      | Reached XP level 8. HP: 30/39 MP: 7/9
  4720 | D:6      | Reached skill level 3 in Fighting
  4975 | D:6      | 4975 ||| FLEEEEING.
  4976 | D:6      | 4976 ||| FLEEEEING.
  4977 | D:6      | 4977 ||| FLEEEEING.
  4978 | D:6      | 4978 ||| FLEEEEING.
  4979 | D:6      | 4979 ||| FLEEEEING.
  4980 | D:6      | HP: 9/40 [electric eel/bolt of electricity (7)]
  4981 | D:6      | 4981 ||| DRINKING potion of heal wounds.
  4983 | D:6      | Reached skill level 9 in Ranged Weapons
  5193 | D:6      | Found a staircase to the Ecumenical Temple.
  5194 | D:6      | 5194 ||| PLANNING TEMPLE
  5194 | D:6      | 5194 ||| DROPPING ring of wizardry.
  5195 | D:6      | 5195 ||| READING scroll of identify.
  5195 | D:6      | 5195 ||| IDENTIFYING sedimented red potion
  5196 | D:6      | 5196 ||| READING scroll labelled JITYNG ZOIL.
  5202 | Temple   | Entered the Ecumenical Temple
  5203 | Temple   | 5203 ||| PLANNING D:1-11
  5442 | D:7      | Reached skill level 9 in Dodging
  5567 | D:7      | 5567 ||| READING scroll of identify.
  5567 | D:7      | 5567 ||| IDENTIFYING bubbling white potion
  5568 | D:7      | 5568 ||| DROPPING potion of ambrosia.
  5575 | D:7      | HP: 7/40 [steam dragon/ball of steam (12)]
  5576 | D:7      | 5576 ||| READING scroll of teleportation.
  5577 | D:7      | 5577 ||| DRINKING potion of heal wounds.
  5586 | D:7      | 5586 ||| FLEEEEING.
  5641 | D:7      | Reached XP level 9. HP: 28/44 MP: 3/10
  5699 | D:7      | 5699 ||| DROPPING wand of flame (11).
  5885 | D:8      | 5885 ||| DRINKING 7 potions of curing.
  5885 | D:8      | 5885 ||| (to cure confusion)
  6182 | D:7      | HP: 2/44 [something] (13)]
  6185 | D:7      | Engulfed by a steam dragon's steam

Levels and vault maps discovered:
D:1:      tekkud_arrival_beachfront_property, layout_basic
D:2:      layout_basic
D:3:      layout_loops_cross, amcnicky_altar_gilded,
          mainiacjoe_overflow_six_doors_small, serial_undead, serial_undead_f,
          serial_undead_d, serial_undead_c, serial_undead_e, serial_undead_a,
          serial_undead_e, serial_undead_e, serial_undead_f, serial_undead_c,
          serial_undead_e
D:4:      layout_gridville, kennysheep_small_spiral, nicolae_shop_unique_rings,
          kennysheep_generic_room_4
D:5:      layout_basic, serial_library_hellmonk_long_bookcase, uniq_ijyb
D:6:      layout_loops_ring, minmay_temple_entry_fiery, chequers_big_river
D:7:      layout_rooms, hangedman_misty_isle
D:8:      layout_basic, minmay_overflow_temple_star_quad, fedhas_altar_4,
          dpeg_oklobed_lair, serial_shops, shop, special_room
          [special_room_orc], uniq_maggie
Temple:   nicolae_temple_great_sept

Skill      XL: |  1  2  3  4  5  6  7  8  9 |
---------------+----------------------------+-----
Dodging        | 3 4 5 6 8 9 10 | 10.0
Ranged Weapons | 5 6 7 8 10 | 10.0
Fighting       | 2 3 |  3.7
Stealth        | |  1.5

Action                     |  1- 3 |  4- 6 |  7- 9 || total
---------------------------+-------+-------+-------++-------
   Fire: Shortbow          |    99 |   183 |   312 ||   594
    Use: Scroll            |     3 |     5 |     9 ||    17
         Potion            |     1 |     3 |     3 ||     7
 Armour: Robe              |    24 |    20 |    50 ||    94
  Dodge: Dodged            |    60 |    71 |   134 ||   265

Table legend:
 A = Non-vault XP
 B = Vault XP
 C = Vault XP percentage of total XP
 D = Non-vault monster count
 E = Vault monster count
 F = Vault count percentage of total count
                 A         B        C        D         E       F
            +---------+---------+-------+---------+---------+-------
      Total |    2891 |     532 |  15.5 |     138 |      14 |   9.2
            +---------+---------+-------+---------+---------+-------
        D:1 |      44 |       0 |   0.0 |      22 |       0 |   0.0
        D:2 |      56 |       0 |   0.0 |      15 |       0 |   0.0
        D:3 |      79 |      52 |  39.7 |      20 |       9 |  31.0
        D:4 |     416 |       2 |   0.5 |      23 |       1 |   4.2
        D:5 |     436 |      36 |   7.6 |      16 |       1 |   5.9
        D:6 |     913 |       0 |   0.0 |      23 |       0 |   0.0
        D:7 |     617 |     442 |  41.7 |      12 |       3 |  20.0
        D:8 |     330 |       0 |   0.0 |       7 |       0 |   0.0
            +---------+---------+-------+---------+---------+-------
